Map: Deathaura LE

Players

Lambo

  • Race: Zerg Zerg
  • League: Master
  • Spawn Location: 11:00

AGOElazer (Elazer) - Winner!

  • Race: Zerg Zerg
  • Spawn Location: 5:00

Event: DreamHack SC2 Masters 2020 Winter

VOD

Have the link to the VOD?

Description

Time

  • Played on: Nov. 3, 2020, 12:17 p.m.
  • Length: 6:58

All games in this series

Show
View Real Time Build Order
Export as new Build Order

Lambo Zerg 

Build Orders: Hatch First 

Get SALT Encoding   

  12  0:00  Drone  
  13  0:12  Overlord  
  13  0:17  Drone  
  14  0:30  Drone x2  
  16  0:48  Hatchery  
  15  0:51  Drone  
  15  0:54  Drone  
  17  0:57  Drone  
  18  1:08  Extractor  
  17  1:12  Spawning Pool  
  17  1:15  Drone  
  17  1:19  Drone  
  18  1:27  Drone  
  19  1:38  Drone  
  20  1:49  Drone  
  21  1:59  Queen x2  
  21  2:00  Zergling x2, Overlord  
  26  2:10  Drone  
  26  2:11  Drone  
  28  2:21  Drone x2  
  30  2:32  Hatchery  
  30  2:35  Drone  
  30  2:39  Drone  
  30  2:43  Drone  
  32  2:44  Overlord  
  32  2:53  Drone x2  
  32  2:54  Lair  
  34  3:05  Drone  
  35  3:06  Drone x2  
  35  3:07  Evolution Chamber  
  35  3:08  Drone  
  35  3:09  Drone x3  
  40  3:16  Roach Warren  
  40  3:18  Drone  
  40  3:20  Drone  
  40  3:24  Overlord  
  41  3:27  Drone  
  41  3:31  Drone  
  41  3:33  Zerg Missile Weapons Level 1  
  43  3:34  Extractor  
  43  3:35  Extractor  
  43  3:38  Drone  
  43  3:39  Drone x2  
  44  3:44  Drone x2  
  46  3:50  Evolution Chamber  
  46  3:51  Overlord  
  45  3:56  Evolution Chamber  
  45  3:57  Roach x2  
  45  3:58  Overlord  
  45  4:01  Roach  
  48  4:09  Queen  
  51  4:12  Roach x3  
  51  4:14  Drone  
  51  4:15  Extractor  
  57  4:20  Drone  
  57  4:21  Drone x3  
  61  4:30  Drone, Spire  
  61  4:32  Drone  
  61  4:36  Drone  
  64  4:38  Drone  
  64  4:39  Drone  
  65  4:51  Hatchery  
  64  4:52  Glial Reconstitution  
  64  4:58  Roach x2  
  68  5:06  Overlord  
  67  5:10  Overlord  
  67  5:12  Overlord  
  67  5:13  Overlord  
  67  5:17  Overlord  
  67  5:26  Drone x2  
  67  5:28  Drone x2  
  71  5:29  Drone x2  
  71  5:30  Drone x3  
  76  5:38  Overlord  
  76  5:43  Mutalisk  
  76  5:48  Queen  
  76  5:49  Mutalisk  
  82  5:52  Mutalisk x2  
  82  5:53  Mutalisk  
  88  6:02  Mutalisk  
  92  6:08  Drone x2  
  92  6:15  Roach x4  
  100  6:18  Roach  
  100  6:19  Spine Crawler  
  100  6:22  Roach  
  102  6:26  Roach Warren, Roach  
  102  6:27  Roach  
  102  6:28  Roach  
  102  6:32  Roach x2  
  109  6:34  Overlord  
Show
View Real Time Build Order
Export as new Build Order

AGOElazer Zerg - Winner!

Build Orders: Hatch First 

Get SALT Encoding   

  12  0:00  Drone  
  13  0:12  Overlord  
  13  0:16  Drone  
  14  0:30  Drone x2  
  16  0:47  Hatchery  
  15  0:50  Drone  
  15  0:54  Drone  
  15  0:57  Drone  
  18  1:08  Extractor  
  17  1:12  Spawning Pool  
  17  1:15  Drone  
  17  1:18  Drone  
  18  1:27  Drone  
  19  1:41  Drone  
  20  1:49  Drone  
  21  1:59  Drone, Queen x2  
  21  2:00  Overlord  
  26  2:08  Metabolic Boost  
  26  2:11  Drone x2  
  28  2:21  Drone x2  
  30  2:33  Drone x2  
  30  2:34  Queen  
  34  2:43  Overlord  
  34  2:44  Drone  
  34  2:46  Evolution Chamber  
  34  2:54  Drone x2  
  36  2:59  Roach Warren  
  36  3:04  Zergling x4  
  37  3:06  Zergling x2  
  37  3:07  Zergling x8  
  37  3:10  Zergling x2  
  43  3:15  Zergling x2  
  43  3:18  Overlord  
  44  3:30  Hatchery  
  44  3:33  Drone  
  44  3:38  Drone x4  
  48  3:43  Overlord  
  48  3:45  Drone x2  
  50  3:49  Drone  
  50  3:54  Overlord  
  52  3:55  Drone x2  
  52  4:01  Lair  
  52  4:03  Drone  
  52  4:07  Extractor  
  52  4:08  Drone  
  52  4:09  Extractor  
  51  4:12  Drone x3  
  51  4:14  Zerg Missile Weapons Level 1  
  51  4:16  Drone  
  55  4:18  Drone  
  56  4:27  Drone  
  56  4:28  Drone  
  58  4:32  Drone x2  
  58  4:35  Overlord  
  60  4:47  Roach, Overlord  
  60  4:48  Roach x3  
  68  4:54  Drone x2  
  68  4:58  Extractor, Overseer  
  69  5:01  Glial Reconstitution  
  69  5:02  Overlord  
  69  5:03  Roach x3  
  75  5:11  Roach x3  
  81  5:16  Overlord  
  80  5:21  Queen x2  
  80  5:23  Nydus Network  
  80  5:27  Roach x3  
  89  5:31  Roach  
  89  5:33  Overlord  
  89  5:34  Roach  
  93  5:37  Roach  
  93  5:39  Roach  
  97  5:43  Roach  
  97  5:46  Overlord  
  97  5:47  Roach  
  101  5:59  Nydus Canal  
  101  6:04  Roach x4  
  109  6:06  Roach  
  109  6:08  Roach  
  109  6:10  Roach  
  109  6:11  Overlord  
  114  6:15  Roach  
  114  6:16  Roach  
  114  6:18  Roach  
  120  6:29  Roach, Nydus Canal  
  122  6:34  Overlord  
  122  6:39  Overlord  
Tags
 
Add a new tag
Caveats
  • Supply blocks, unpowered buildings, or Contaminate may cause inaccurate times.
  • Supply counts are checked every 10 seconds.